 Dungeon Crawl Stone Soup version 0.23.1 (webtiles) character file.

Game seed: 15288995583518121795

151 Fang the Skirmisher (level 5, -1/33 HPs)
             Began as a Gargoyle Berserker on Mar 5, 2019.
             Was a Believer of Trog.
             Killed from afar by Jessica (3 damage)
             ... with a wand of flame (2)
             ... on level 3 of the Dungeon.
             The game lasted 00:02:06 (1761 turns).

Fang the Skirmisher (Gargoyle Berserker)            Turns: 1761, Time: 00:02:07

Health: -1/33      AC: 13    Str: 21    XL:     5   Next: 33%
Magic:  5/5        EV:  8    Int:  8    God:    Trog [**....]
Gold:   209        SH:  0    Dex:  9    Spells: 4/4 levels left

rFire    . . .     SeeInvis .   a - +0 hand axe
rCold    . . .     Gourm    .   (no shield)
rNeg     + . .     Faith    .   i - +0 chain mail
rPois    ∞         Spirit   .   (no helmet)
rElec    +         Reflect  .   (no cloak)
rCorr    .         Harm     .   (no gloves)
MR       .....                  (no boots)
Stlth    ..........             (no amulet)
HPRegen  0.11/turn              (no ring)
MPRegen  0.09/turn              (no ring)

@: berserk cooldown, slowed, very slow
A: negative energy resistance 1, electricity resistance, unbreathing,
petrification resistance, rot immunity, AC +4
a: Berserk, Trog's Hand, Renounce Religion


You were on level 3 of the Dungeon.
You worshipped Trog.
Trog was pleased with you.
You were hungry.

You visited 1 branch of the dungeon, and saw 3 of its levels.

You collected 209 gold pieces.

Inventory:

Hand Weapons
 a - a +0 hand axe (weapon)
Armour
 i - a +0 chain mail (worn)
Jewellery
 o - an uncursed amulet of guardian spirit {unknown}
 t - an uncursed amulet of the gourmand {unknown}
Scrolls
 b - a scroll of fear {unknown}
 e - 3 scrolls of teleportation {unknown}
 f - 3 scrolls of identify {unknown}
 g - a scroll of fog {unknown}
 h - 4 scrolls of amnesia {unknown}
 k - a scroll of immolation {unknown}
 q - a scroll of random uselessness {unknown}
 r - 2 scrolls of remove curse {unknown}
Potions
 d - a potion of might {unknown}
 j - a potion of degeneration {unknown}
 l - a potion of curing {unknown}
 m - a potion of haste {unknown}
 n - 2 potions of lignification {unknown}
 p - a potion of cancellation {unknown}
Comestibles
 c - 3 rations
 s - a chunk of flesh


   Skills:
 + Level 4.2 Fighting
 + Level 3.5 Axes
 + Level 3.4 Armour
 + Level 2.5 Dodging


You had 4 spell levels left.
You didn't know any spells.
Your spell library was empty.

Dungeon Overview and Level Annotations

Branches:
Dungeon (3/15)

Altars:

Annotations:
D:3 Jessica


Innate Abilities, Weirdness & Mutations

You are resistant to torment.
Your stone body is resilient. (AC +4)
You are immune to poison.
You resist negative energy. (rN+)
You are resistant to electric shocks. (rElec)
You can survive without breathing.
You are immune to petrification.
You are immune to rotting.


Message History

Jessica casts a spell.
Jessica blinks!
Things that are here:
a +0 club; a hobgoblin corpse You hit the worm.
The worm is severely wounded.
The worm bites you.
* * * LOW HITPOINT WARNING * * *
You hit the worm.
The worm is almost dead.
Jessica mumbles some strange words.
Jessica seems to speed up.
Jessica zaps a wand.
The puff of flame hits you.
* * * LOW HITPOINT WARNING * * *
The worm bites you but does no damage.
You barely miss the worm.
The worm is almost dead.
Jessica points at you and mumbles some strange words.
You resist with some effort. The worm barely misses you.
Jessica zaps a wand.
The puff of flame hits you.
You die...

....... .# ........
.. . #.....# .# .. #
#.....# .##.#
###.#.....##...@ ..
....#.....#... ..
#.........#@###.# #(
##.#.....#)w@....#.
#.
#.....#.).).........
#.
#..#.##..###.#..##.#
#.##......).# #.#..#
#.......#...# #..
... #...<..##...#
###.##.#
#.#......#.#### ..
... #.#..#........#
## ##
#.#...........#


You could see a worm and Jessica.

Vanquished Creatures
  An orc wizard (D:3)
  Robin (D:3)
  3 adders
  2 dart slugs (D:1)
  A leopard gecko (D:1)
  3 orcs (D:3)
  6 bats
  A giant cockroach (D:2)
  14 goblins
  4 hobgoblins
  5 jackals (D:2)
  A kobold (D:2)
  A ball python (D:1)
  6 frilled lizards
  6 rats
55 creatures vanquished.

Vanquished Creatures (others)
  An orc wizard (D:3)
  A goblin (D:3)
2 creatures vanquished.

Grand Total: 57 creatures vanquished

Notes
Turn   | Place    | Note
-------+----------+-------------------------------------------
     0 | D:1      | Fang the Gargoyle Berserker began the quest for the Orb.
     0 | D:1      | Reached XP level 1. HP: 14/14 MP: 1/1
   374 | D:1      | Reached XP level 2. HP: 14/19 MP: 2/2
  1000 | D:2      | Reached XP level 3. HP: 19/23 MP: 3/3
  1023 | D:2      | Reached ** piety under Trog
  1190 | D:2      | Reached XP level 4. HP: 29/29 MP: 4/4
  1671 | D:3      | Reached skill level 4 in Fighting
  1685 | D:3      | Reached XP level 5. HP: 24/33 MP: 5/5
  1733 | D:3      | Noticed Robin
  1743 | D:3      | Noticed Jessica
  1745 | D:3      | Killed Robin
  1761 | D:3      | Killed from afar by Jessica

Skill      XL: |  1  2  3  4 |
---------------+-------------+-----
Axes           | 3 |  3.5
Dodging        | 2 |  2.5
Armour         | 3 |  3.4
Fighting       | 4 |  4.2

Action                   |  1- 3 |  4- 6 || total
-------------------------+-------+-------++-------
Melee: Hand axe          |   115 |    82 ||   197
Invok: Berserk           |     1 |     2 ||     3
  Eat: Chunk             |     2 |     3 ||     5
Armor: Animal skin       |     9 |       ||     9
       Chain mail        |    68 |    62 ||   130
       Scale mail        |     6 |       ||     6
Dodge: Dodged            |    63 |    28 ||    91
